 Dungeon Crawl Stone Soup version 0.26.1-2-gb8aa6d0cf2 (webtiles) character file.

Game seed: 4065486384672775714

1515664 sking99 the Slayer (level 25, 222/222 (223) HPs)
             Began as a Demonspawn Fighter on Feb 22, 2021.
             Was the Champion of Ru.
             Escaped with the Orb
             ... and 3 runes!
             The game lasted 03:23:22 (90740 turns).

sking99 the Slayer (Demonspawn Fighter)            Turns: 90740, Time: 03:23:23

HP:   222/222 (223) AC: 38    Str: 29    XL:     25
MP:   32/32         EV:  7    Int:  8    God:    Ru [******]
Gold: 6205          SH: 31    Dex: 23    Spells: 24/24 levels left

rFire    + + .     SeeInvis .   Y - +8 broad axe of Astatail {speed, MP+9 Int+3}
rCold    + + .     Faith    .   B - +4 tower shield {AC+3}
rNeg     + + .     Spirit   .   Z - +4 gold dragon scales
rPois    +         Reflect  .   U - +0 helmet of Mental Paralysis {rCorr Str+3}
rElec    +         Harm     .   H - +2 cloak {rF+}
rCorr    +         Rampage  .   (gloves unavailable)
Will     +++++     Clarity  +   x - +0 pair of boots of the Present {+Blink rElec Will++ Stlth-} (curse) Stlth ..........Rnd*Tele +
                                y - amulet of the Four Winds {rN+ Will+++ Clar}
HPRegen  0.47/turn              G - ring of poison resistance
MPRegen  0.23/turn              M - ring of the Wizarding Genius {+Fly rElec Will++ Int-5 Dex+8}

@: lightly drained
A: claws 3, blink, cold resistance 1, negative energy resistance 1, powered by
pain 3, electricity resistance, spiny 3, 50% torment resistance, teleportitis 2,
no stealth, inability to train dodging, no conjurations magic, no earth magic,
no hexes magic, MP-powered wands, inexperienced 1, sanguine armour 3
0: Orb of Zot
}: 3/15 runes: barnacled, silver, gossamer
a: Blink, Renounce Religion, Evoke Blink, Evoke Flight, Draw Out Power, Power
Leap, Apocalypse


You escaped.
You worshipped Ru.
Ru was exalted by your worship.
You visited 9 branches of the dungeon, and saw 49 of its levels.
You visited the Abyss 1 time.
You also visited: Trove, Sewer, Ice Cave, Volcano, Wizlab and Desolation.

You collected 10019 gold pieces.
You spent 3814 gold pieces at shops.

Inventory:

Hand Weapons
 Y - the +8 broad axe of Astatail (weapon) {speed, MP+9 Int+3}
   (You found it on level 4 of the Depths)

   Attacks with this weapon are significantly faster.
   It affects your intelligence (+3).
   It affects your magic capacity (+9).
Armour
 l - a +1 cloak of cold resistance
 x - the cursed +0 pair of boots of the Present (worn) {+Blink rElec Will++ Stlth-}
   (You found it in a treasure trove)

   It insulates you from electricity.
   It affects your willpower, your defense against some magical effects.
   It lets you blink.
   It makes you less stealthy.
   It has a curse placed upon it.
 B - a +4 tower shield of protection (worn)
 H - a +2 cloak of fire resistance (worn)
 U - the +0 helmet of Mental Paralysis (worn) {rCorr Str+3}
   (You found it in a treasure trove)

   It affects your strength (+3).
   It provides partial protection from all sources of acid and corrosion.
 Z - +4 gold dragon scales (worn)
Jewellery
 y - the amulet of the Four Winds (around neck) {rN+ Will+++ Clar}
   (You took it off an orc on level 5 of the Dungeon)

   [amulet of nothing]

   It protects you from negative energy.
   It affects your willpower, your defense against some magical effects.
   It protects you against confusion.
 E - the amulet "Vefafuom" {RegenMP rElec Dex+3}
   (You found it in the Desolation of Salt)

   [amulet of magic regeneration]

   It increases your magic regeneration.
   It affects your dexterity (+3).
   It insulates you from electricity.
 G - a ring of poison resistance (left claw)
 M - the ring of the Wizarding Genius (right claw) {+Fly rElec Will++ Int-5 Dex+8}
   (You took it off an ogre mage on level 5 of the Vaults)

   [ring of flight]

   It affects your intelligence (-5).
   It affects your dexterity (+8).
   It insulates you from electricity.
   It affects your willpower, your defense against some magical effects.
   It lets you fly.
 N - an uncursed amulet of guardian spirit
 P - an uncursed ring of ice
 Q - an uncursed ring of willpower
Wands
 f - a wand of flame (67)
 m - a wand of disintegration (70)
 t - a wand of polymorph (40)
 w - a wand of paralysis (55)
 C - a wand of iceblast (54)
 F - a wand of digging (8)
 L - a wand of random effects (95)
 W - a wand of enslavement (11)
Scrolls
 a - 22 scrolls of identify
 b - 28 scrolls of teleportation
 c - 2 scrolls of summoning
 h - 12 scrolls of amnesia
 j - 7 scrolls of fear
 n - 21 scrolls of remove curse
 o - 4 scrolls of magic mapping
 p - 6 scrolls of fog
 q - a scroll of silence
 I - 3 scrolls of blinking
 O - a scroll of brand weapon
Potions
 d - 13 potions of might
 e - 17 potions of curing
 g - 4 potions of invisibility
 k - 8 potions of magic
 r - 5 potions of haste
 v - 7 potions of heal wounds
 z - 4 potions of resistance
 J - 7 potions of berserk rage
 K - 4 potions of cancellation
 S - 4 potions of flight
 T - 8 potions of ambrosia
Miscellaneous
 A - a condenser vane
 D - a box of beasts


   Skills:
 + Level 24.1 Fighting
 - Level 20.0 Axes
 + Level 21.8 Armour
 + Level 23.7 Shields
 - Level 5.0 Evocations


You had 24 spell levels left.
You didn't know any spells.
Your spell library contained the following spells:

 Spells                   Type           Power        Failure   Level
 Animate Skeleton         Necr           0%           99%         1
 Apportation              Tloc           0%           99%         1
 Freeze                   Ice            0%           99%         1
 Pain                     Necr           0%           99%         1
 Sting                    Tmut/Pois      0%           99%         1
 Summon Small Mammal      Summ           0%           99%         1
 Blink                    Tloc           N/A          100%        2
 Call Imp                 Summ           0%           100%        2
 Poisonous Vapours        Pois/Air       0%           100%        2
 Sublimation of Blood     Necr           0%           100%        2
 Swiftness                Air            0%           100%        2
 Wereblood                Tmut           0%           100%        2
 Call Canine Familiar     Summ           0%           100%        3
 Frozen Ramparts          Ice            0%           100%        3
 Gell's Gravitas          Tloc           0%           100%        3
 Ignite Poison            Fire/Tmut/Pois 0%           100%        3
 Lesser Beckoning         Tloc           0%           100%        3
 Ozocubu's Armour         Ice            0%           100%        3
 Spider Form              Tmut/Pois      0%           100%        3
 Teleport Other           Tloc           0%           100%        3
 Vampiric Draining        Necr           0%           100%        3
 Airstrike                Air            0%           100%        4
 Animate Dead             Necr           0%           100%        4
 Ice Form                 Ice/Tmut       0%           100%        4
 Passage of Golubria      Tloc           N/A          100%        4
 Summon Ice Beast         Ice/Summ       0%           100%        4
 Summon Lightning Spire   Summ/Air       0%           100%        4
 Agony                    Necr           0%           100%        5
 Alistair's Intoxication  Tmut/Pois      0%           100%        5
 Blade Hands              Tmut           0%           100%        5
 Dispersal                Tloc           0%           100%        6
 Eringya's Noxious Bog    Tmut/Pois      0%           100%        6
 Hydra Form               Tmut           0%           100%        6
 Ozocubu's Refrigeration  Ice            0%           100%        6
 Simulacrum               Ice/Necr       0%           100%        6
 Dragon Form              Tmut           0%           100%        7
 Haunt                    Necr/Summ      0%           100%        7
 Malign Gateway           Summ/Tloc      0%           100%        7
 Borgnjor's Revivificati  Necr           0%           100%        8
 Disjunction              Tloc           0%           100%        8
 Ignition                 Fire           0%           100%        8
 Infestation              Necr           0%           100%        8
 Necromutation            Tmut/Necr      0%           100%        8
 Death's Door             Necr           0%           100%        9
 Tornado                  Air            0%           100%        9
 Corona                   Hex            Unusable     N/A         1
 Foxfire                  Conj/Fire      Unusable     N/A         1
 Magic Dart               Conj           Unusable     N/A         1
 Sandblast                Erth           Unusable     N/A         1
 Shock                    Conj/Air       Unusable     N/A         1
 Passwall                 Tmut/Erth      Unusable     N/A         2
 Slow                     Hex            Unusable     N/A         2
 Confusing Touch          Hex            Unusable     N/A         3
 Conjure Flame            Conj/Fire      Unusable     N/A         3
 Inner Flame              Hex/Fire       Unusable     N/A         3
 Mephitic Cloud           Conj/Pois/Air  Unusable     N/A         3
 Portal Projectile        Hex/Tloc       Unusable     N/A         3
 Static Discharge         Conj/Air       Unusable     N/A         3
 Stone Arrow              Conj/Erth      Unusable     N/A         3
 Summon Guardian Golem    Hex/Summ       Unusable     N/A         3
 Hailstorm                Conj/Ice       Unusable     N/A         4
 Iskenderun's Mystic Bla  Conj/Tloc      Unusable     N/A         4
 Petrify                  Tmut/Erth      Unusable     N/A         4
 Sticky Flame             Conj/Fire      Unusable     N/A         4
 Fireball                 Conj/Fire      Unusable     N/A         5
 Irradiate                Conj/Tmut      Unusable     N/A         5
 Iskenderun's Battlesphe  Conj           Unusable     N/A         5
 Lee's Rapid Deconstruct  Erth           Unusable     N/A         5
 Lightning Bolt           Conj/Air       Unusable     N/A         5
 Metabolic Englaciation   Hex/Ice        Unusable     N/A         5
 Silence                  Hex/Air        Unusable     N/A         5
 Yara's Violent Unravell  Hex/Tmut       Unusable     N/A         5
 Conjure Ball Lightning   Conj/Air       Unusable     N/A         6
 Freezing Cloud           Conj/Ice/Air   Unusable     N/A         6
 Starburst                Conj/Fire      Unusable     N/A         6
 Statue Form              Tmut/Erth      Unusable     N/A         6
 Spellforged Servitor     Conj/Summ      Unusable     N/A         7

Dungeon Overview and Level Annotations

Branches:
Dungeon (15/15)            Temple (0/1) D:5            Lair (6/6) D:9
 Shoals (4/4) Lair:4       Spider (4/4) Lair:3        Slime (0/5) Lair:5
    Orc (2/2) D:10            Elf (3/3) Orc:2        Vaults (5/5) D:13
  Crypt (0/3) Vaults:2     Depths (5/5) D:15            Zot (5/5) Depths:5
  Sewer (visited)           IceCv (visited)         Volcano (visited)
 WizLab (visited)         Desolation (visited)

Altars:
Ashenzari
Dithmenos
Gozag
Kikubaaqudgha
Ru
Trog
Vehumet
The Shining One
Beogh

Shops:
D:5 (   D:7 =   D:12 (   Orc:2 [(!}*   Elf:3 ![   Shoals:4 ?   Vaults:1 [
Vaults:2 (   Vaults:3 !   Vaults:4 *   Vaults:5 [   Zot:1 *   Depths:1 }
Depths:2 *   Depths:3 *   Depths:5 }=}

Portals:
Hell: Depths:1 Depths:2 Depths:3 Depths:4 Depths:5
Abyss: Shoals:4 Depths:3 Depths:4
Pandemonium: Depths:3 Depths:5
Ziggurat: Depths:3

Annotations:
D:5 2 transporters, puimuR's ghost, novice HOMo
Shoals:4 2 transporters, Galthrax's ghost, adept HOFE
Spider:3 1 runed translucent door, Feguytzu's ghost, journeyman GrMo
Elf:2 3 runed translucent doors
Vaults:2 2 runed translucent doors, Eldin's ghost, veteran DEWz
Zot:1 3 runed translucent doors, exclusion: obsidian statue, Mikey69's ghost, legendary DsBe


Innate Abilities, Weirdness & Mutations

You have claws for hands.
You resist negative energy. (rN+)
You are powered by pain.
You are completely covered in sharp spines.
You are somewhat able to resist unholy torments (1 in 2 success).
You cannot be stealthy.
You cannot train Dodging skill.
You cannot study or cast Conjurations magic.
You cannot study or cast Earth magic.
You cannot study or cast Hexes magic.
You are somewhat inexperienced. (-2 XL)
When seriously injured, your bleeding wounds create very thick armour. (AC +0)
You can translocate small distances at will.
Your flesh is cold resistant. (rC+)
You are resistant to electric shocks. (rElec)
You are sometimes teleported next to monsters.
You expend magic power (3 MP) to strengthen your wands.


Message History

(Z) Zot
Where to? (Enter - D:1 @ (x,y), ? - help)
An Orb Guardian comes into view.
There is a stone staircase leading up here.
You climb upwards.
There is a stone staircase leading down here.
(D) Dungeon (T) Temple (L) Lair (A) Shoals (N) Spider Nest (M) Slime Pits (O) Orcish Mines (E) Elven Halls (V) Vaults (C) Crypt (U) Depths (H) Hell (Z) Zot
Where to? (Enter - D:1 @ (x,y), ? - help) HP restored.
You see here a +0 club.
You enter the shallow water.
Moving in this stuff is going to be slow.
There is an open door here.
There is a staircase leading out of the dungeon here.
There is an open door here.
There is a staircase leading out of the dungeon here.
You have escaped!

...#.####.# #.#.####.##.##.#
...#......# #......#.##.##)#
...#.################.##.##.#
.#.#.# ♣♣♣≈≈≈≈♣♣♣♣ #.##.##.#
##.###♣♣≈≈≈8≈≈≈≈≈♣♣##.......#####
...# #≈≈≈≈≈≈≈8≈≈≈≈≈#####.##......
#..# ♣♣≈≈≈≈8≈≈≈≈≈≈#### #.##......
...#♣♣....≈≈≈≈.####.<# #.##......
##.#♣.).####...#@'...# #.##......
.......##..##..###...# #.##......
##.....'....#..'.....# #.##......
...#♣..##...#..####### #.##......
##.#♣..♣###'#.....♣♣♣♣ #.##......
#.###..♣♣#.#♣♣......♣##.##......
#...'...♣#.######.....#.##......
#.#.###.♣#..'...#....##.##......
#.#...##♣#..'...#....##.########


There were no monsters in sight!

Vanquished Creatures
  5 orbs of fire (Zot:5)
  A juggernaut (Depths:4)
  6 ancient liches
  5 Killer Klowns
  A caustic shrike (Depths:3)
  14 golden dragons
  Nikola (D:15)
  A Brimstone Fiend (D:2)
  3 electric golems (Zot:5)
  Arachne (Spider:3)
  2 Tzitzimimeh
  2 liches
  11 tentacled monstrosities
  Jorgrun (Spider:3)
  24 Orb Guardians
  5 titans
  4 deep elf blademasters (Elf:3)
  5 quicksilver dragons
  A quicksilver dragon (shapeshifter) (Vaults:5)
  A deep elf master archer (Elf:3)
  A kraken (Shoals:4)
  10 death cobs
  3 sphinxes
  13 storm dragons
  11 shadow dragons
  4 tengu reavers
  A revenant (Vaults:2)
  12 fire giants
  Donald (Spider:1)
  3 draconian monks
  11 vault wardens
  4 deep elf sorcerers
  Louise (Spider:1)
  An orc warlord (Orc:1)
  8 draconian knights
  3 draconian scorchers
  3 ghost moths (Spider:4)
  An imperial myrmidon (Desolation)
  6 emperor scorpions
  9 frost giants
  6 draconian stormcallers
  7 draconian shifters
  7 draconian annihilators
  9 deep elf elementalists
  6 very ugly things
  23 stone giants
  A war gargoyle (Vaults:1)
  A spriggan defender (Depths:2)
  Aizul (Depths:1)
  16 ironheart preservers
  4 vampire knights
  13 green draconians
  Azrael (Spider:3)
  7 deep elf demonologists
  5 entropy weavers
  3 halazid warlocks (Desolation)
  9 black draconians
  An entropy weaver (shapeshifter) (Depths:2)
  9 deep elf annihilators
  25 purple draconians
  18 spark wasps
  13 red draconians
  9 white draconians
  6 merfolk javelineers
  10 yellow draconians
  2 blizzard demons
  9 statues (WizLab)
  An ettin (shapeshifter) (Vaults:2)
  Snorg (D:13)
  30 ettins
  10 deep elf high priests
  5 deep elf death magi
  2 ragged hierophants (Desolation)
  9 ogre magi
  3 crystal guardians
  9 merfolk impalers
  20 yaktaur captains
  18 fire dragons
  5 great orbs of eyes
  Erolcha (Orc:2)
  3 merfolk avatars
  9 boulder beetles
  10 hydras
  5 rakshasas
  5 peacekeepers (Desolation)
  6 servants of whispers (Desolation)
  30 vault guards
  2 hell beasts
  5 ice dragons
  A catoblepas (Shoals:2)
  Erica (D:8)
  2 alligator snapping turtles
  A queen ant (Lair:5)
  6 centaur warriors
  3 merfolk aquamancers
  3 satyrs
  28 two-headed ogres
  17 dancing weapons
  5 death knights
  3 tengu warriors
  7 death scarabs (Spider:4)
  8 deep troll shamans
  5 deep troll earth magi
  A vampire mage (Depths:1)
  2 spriggan berserkers
  9 death yaks
  Nergalle (Orc:2)
  12 deep elf knights
  A soul eater (Vaults:2)
  6 sun demons (Depths:1)
  A titan skeleton (Vaults:5)
  2 shadow wraiths
  3 spriggans (Depths:5)
  2 hell knights
  2 unseen horrors (shapeshifter)
  An iron troll (Depths:3)
  6 skeletal warriors
  A salamander mystic (Volcano)
  11 sea snakes
  A spatial maelstrom (Abyss:3)
  A death drake (shapeshifter) (D:15)
  4 glowing orange brains
  2 obsidian statues
  3 unseen horrors
  7 flayed ghosts
  A shadow demon (Zot:4)
  A swamp dragon (shapeshifter) (Depths:2)
  25 deep trolls
  17 ironbrand convokers
  A lindwurm (Lair:6)
  5 wizards
  A harpy (shapeshifter) (Vaults:3)
  2 spectral wolf spiders (Spider:4)
  14 harpies
  3 necromancers
  19 orc knights
  A phantasmal warrior (Vaults:2)
  A wolf spider zombie (Spider:4)
  13 deep elf archers
  13 orb spiders
  A wolf spider (shapeshifter) (Vaults:2)
  6 oklob plants
  A fire giant skeleton (Vaults:5)
  60 deep elf magi
  4 salamanders (Volcano)
  14 cyclopes
  32 ugly things
  15 orc sorcerers
  12 manticores
  7 fauns
  24 wolf spiders
  6 black mambas
  An elephant (shapeshifter) (Depths:5)
  A centaur zombie (D:13)
  17 moths of wrath
  A rust devil (Depths:3)
  4 guardian serpents
  Maurice (D:8)
  A black mamba (shapeshifter) (Vaults:2)
  9 merfolk sirens
  7 water nymphs
  An ice statue (IceCv)
  An orange demon (Depths:1)
  15 vault sentinels
  3 gargoyles
  2 elf skeletons (Vaults:5)
  A torpor snail (Spider:3)
  9 cane toads
  3 molten gargoyles
  2 rime drakes
  2 spectral redbacks (Spider:4)
  61 yaktaurs
  A yaktaur zombie (Vaults:5)
  15 komodo dragons
  An efreet (Zot:1)
  A rime drake (shapeshifter) (Vaults:3)
  5 ice devils
  15 freezing wraiths
  A komodo dragon (shapeshifter) (Depths:3)
  16 demonic crawlers
  A queen bee (shapeshifter) (Depths:3)
  A red devil (Depths:1)
  3 tengu conjurers
  An entropy weaver simulacrum (Vaults:1)
  38 merfolk
  4 trolls
  A polar bear (Lair:6)
  3 small abominations
  3 trolls (shapeshifter)
  43 jumping spiders
  4 wind drakes
  3 raiju (Abyss:3)
  14 hornets
  17 slime creatures
  A merfolk (shapeshifter) (Vaults:5)
  2 spectral jumping spiders (Spider:4)
  15 blink frogs
  43 saltlings
  Prince Ribbit (D:5)
  2 spectral tarantellas (Spider:4)
  5 dream sheep (Shoals:2)
  A tarantella zombie (Spider:4)
  A fire giant simulacrum (Vaults:1)
  A snapping turtle (shapeshifter) (Depths:3)
  3 jumping spider zombies (Spider:4)
  11 snapping turtles
  An ettin skeleton (Vaults:5)
  A shadow (D:13)
  2 air elementals
  17 water elementals
  30 tarantellas
  2 large abominations
  A spriggan (shapeshifter) (Vaults:3)
  10 wyverns
  58 redbacks
  8 wraiths
  23 fire elementals
  A steam dragon (Lair:6)
  64 yaks
  8 basilisks
  A golden eye (shapeshifter) (Depths:2)
  A basilisk (shapeshifter) (Depths:1)
  A human (shapeshifter) (Vaults:3)
  4 vampire mosquitoes (D:13)
  3 human simulacra
  A death yak simulacrum (IceCv)
  A warg (shapeshifter) (Vaults:1)
  7 wargs
  A spatial vortex (Abyss:3)
  25 soldier ants (Lair:5)
  2 acid dragons
  A floating eye (shapeshifter) (Vaults:3)
  13 water moccasins
  9 hell hounds
  6 ice beasts (IceCv)
  3 black bears
  2 eyes of draining
  21 ogres
  39 orc warriors
  4 phantoms
  3 sky beasts
  2 necrophages
  15 wolves
  23 centaurs
  A tengu (Lair:4)
  10 big kobolds
  17 bullfrogs
  2 earth elementals
  A gnoll sergeant (D:6)
  2 wyvern skeletons (D:13)
  8 scorpions
  12 killer bees
  4 electric eels
  5 wights (D:13)
  2 elephant simulacra (IceCv)
  6 howler monkeys
  2 jellies
  4 lava snakes (Lair:6)
  12 crimson imps
  2 draconian simulacra (IceCv)
  2 yaktaur simulacra
  4 quasits
  6 starcursed masses (Abyss:3)
  10 hounds
  3 bullfrog zombies
  Crazy Yiuf (D:2)
  12 orc priests
  7 centaur skeletons
  8 iron imps
  3 iguanas
  Ijyb (D:5)
  Terence (D:3)
  5 hell rats
  40 orc wizards
  21 worker ants
  2 spriggan simulacra (IceCv)
  6 troll simulacra (IceCv)
  A polar bear simulacrum (IceCv)
  A killer bee zombie (D:5)
  A centaur simulacrum (IceCv)
  A hound zombie (D:5)
  3 hound skeletons
  A howler monkey zombie (D:6)
  8 gnolls
  A howler monkey skeleton (D:11)
  3 naga simulacra (IceCv)
  6 ogre simulacra (IceCv)
  14 adders
  4 shadow imps
  23 white imps
  5 oozes
  4 ufetubi
  9 worms
  A dart slug (D:4)
  5 leopard geckos
  146 orcs
  7 ball pythons
  2 giant cockroaches
  7 goblins
  4 hobgoblins (D:3)
  14 jackals
  5 quokkas
  A ball python zombie (D:6)
  6 bats
  5 frilled lizards
  15 kobolds
  A quokka skeleton (D:6)
  15 rats
  4 crawling corpses
  2 tentacles (Shoals:4)
2458 creatures vanquished.

Vanquished Creatures (others)
  Rupert (D:12)
  A hellephant (Abyss:3)
  2 Orb Guardians (Zot:5)
  A quicksilver dragon (Zot:3)
  Polyphemus (Shoals:2)
  2 tengu reavers
  A deep elf annihilator (Elf:3)
  An entropy weaver (Spider:4)
  5 ettins
  A merfolk impaler (Shoals:3)
  A yaktaur captain (Depths:1)
  A servant of whispers (Desolation)
  A boulder beetle (Lair:6)
  3 two-headed ogres
  A hydra (Lair:2)
  A centaur warrior (Vaults:1)
  An ogre mage (D:15)
  A death scarab (Spider:4)
  A deep elf knight (Elf:3)
  A skeletal warrior (D:15)
  A spectral wolf spider (Spider:4)
  2 ironbrand convokers
  A harpy (Vaults:2)
  4 deep elf magi
  A wizard (D:10)
  A necromancer (Depths:1)
  An orc sorcerer (Vaults:4)
  A cyclops (Shoals:2)
  An ugly thing (D:11)
  A salamander (Volcano)
  A faun (Shoals:2)
  A torpor snail (Spider:4)
  A centaur skeleton (D:14)
  A cane toad (Lair:4)
  A freezing wraith (Vaults:1)
  2 yaktaurs
  3 jumping spiders
  2 slime creatures (Depths:1)
  A blink frog (Lair:5)
  2 redbacks
  A tarantella (Spider:1)
  A water elemental (Shoals:3)
  2 yaks
  An acid dragon (Vaults:2)
  An ogre (Depths:2)
  A starcursed mass (Abyss:3)
  2 centaurs
  A wyvern skeleton (D:14)
  A killer bee (D:10)
  A crimson imp (Depths:1)
  A lava snake (Lair:6)
  A bullfrog zombie (D:13)
  3 orc wizards
  An iguana (D:2)
  4 orcs
  A leopard gecko skeleton (D:7)
  A bush (Lair:6)
  A crawling corpse (Elf:3)
  69 fungi
  114 plants
  2 tentacles (Shoals:4)
267 creatures vanquished.

Grand Total: 2725 creatures vanquished

Notes
Turn   | Place    | Note
-------+----------+-------------------------------------------
     0 | D:1      | sking99 the Demonspawn Fighter began the quest for the Orb.
     0 | D:1      | Reached XP level 1. HP: 18/18 MP: 1/1
   326 | D:1      | Gained mutation: You are partially covered in sharp spines.
                  | [demonic ancestry]
   326 | D:1      | Reached XP level 2. HP: 24/24 MP: 2/2
   926 | D:2      | Reached XP level 3. HP: 13/29 MP: 3/3
  1207 | D:2      | Found a faded altar of an unknown god.
  1276 | D:2      | Became a worshipper of Ru the Awakened
  1288 | D:2      | Gained mutation: You are somewhat inexperienced. (-2 XL)
                  | [Ru sacrifice]
  1288 | D:2      | Reached XP level 2. HP: 24/24 MP: 2/2
  1288 | D:2      | Reached XP level 1. HP: 18/18 MP: 1/1
  1288 | D:2      | Reached * piety under Ru
  1288 | D:2      | Reached ** piety under Ru
  1288 | D:2      | Reached *** piety under Ru
  1321 | D:2      | Reached XP level 2. HP: 21/24 MP: 2/2
  1391 | D:2      | Found a runed translucent door.
  1392 | D:2      | Noticed Crazy Yiuf
  1664 | D:2      | Reached XP level 3. HP: 19/29 MP: 3/3
  2250 | D:2      | Killed Crazy Yiuf
  2392 | D:3      | Reached XP level 4. HP: 32/37 MP: 4/4
  2687 | D:3      | Reached skill level 4 in Fighting
  2841 | D:3      | Gained mutation: You sometimes gain a little power by
                  | taking damage. [demonic ancestry]
  2841 | D:3      | Reached XP level 5. HP: 42/42 MP: 5/5
  3202 | D:3      | Noticed Terence
  3215 | D:3      | Killed Terence
  3440 | D:4      | Found a glowing drain.
  3451 | Sewer    | Entered a sewer
  3640 | Sewer    | Reached XP level 6. HP: 49/49 MP: 6/6
  3816 | Sewer    | Gained mutation: You cannot train Dodging skill. [Ru
                  | sacrifice]
  3816 | Sewer    | Reached **** piety under Ru
  3816 | Sewer    | Reached ***** piety under Ru
  3891 | Sewer    | Reached XP level 7. HP: 55/55 MP: 7/7
  4015 | Sewer    | Reached skill level 5 in Axes
  4141 | Sewer    | Reached skill level 5 in Fighting
  5378 | D:5      | Entered Level 5 of the Dungeon
  5393 | D:5      | Reached XP level 8. HP: 41/62 MP: 8/8
  5407 | D:5      | Noticed Ijyb
  5714 | D:5      | Found a transporter.
  5718 | D:5      | Noticed puimuR's ghost (novice HOMo)
  5728 | D:5      | Found a transporter.
  5738 | D:5      | Killed Ijyb
  5959 | D:5      | Found Hunumaur's Antique Weapon Boutique.
  5992 | D:5      | Reached skill level 5 in Shields
  6005 | D:5      | Noticed Prince Ribbit
  6014 | D:5      | Killed Prince Ribbit
  6133 | D:5      | Gained mutation: You cannot study or cast Earth magic. [Ru
                  | sacrifice]
  6133 | D:5      | Gained mutation: You cannot study or cast Hexes magic. [Ru
                  | sacrifice]
  6133 | D:5      | Gained mutation: You cannot study or cast Conjurations
                  | magic. [Ru sacrifice]
  6345 | D:5      | Found a staircase to the Ecumenical Temple.
  6862 | D:6      | Reached skill level 6 in Fighting
  7036 | D:6      | Reached skill level 5 in Armour
  7258 | D:6      | Found a broken altar of Ashenzari.
  7262 | D:6      | Saw a vision of the Shoals and the Spider Nest.
  7262 | D:6      | Noticed a merfolk siren
  7262 | D:6      | Noticed a merfolk siren
  7262 | D:6      | Noticed a merfolk
  7262 | D:6      | Noticed a merfolk
  7262 | D:6      | Noticed a merfolk
  7262 | D:6      | Noticed a wind drake
  7262 | D:6      | Noticed a merfolk siren
  7262 | D:6      | Noticed a wolf spider
  7289 | D:7      | Found Uhalle's Jewellery Shoppe.
  7308 | D:7      | Gained mutation: You sometimes gain power by taking damage.
                  | [demonic ancestry]
  7308 | D:7      | Reached XP level 9. HP: 68/69 MP: 9/9
  7863 | D:8      | Noticed Maurice
  8022 | D:8      | Gained mutation: You cannot be stealthy. [Ru sacrifice]
  8022 | D:8      | Reached ****** piety under Ru
  8026 | D:8      | Killed Maurice
  8027 | D:8      | Reached skill level 7 in Fighting
  8796 | D:8      | Found a radiant altar of Vehumet.
  8864 | D:8      | Noticed Erica
  8883 | D:8      | Killed Erica
  8883 | D:8      | HP: 3/62 [poisoned by Erica (bolt of poison)]
  8884 | D:8      | Reached XP level 10. HP: 3/79 MP: 1/10
  9517 | D:9      | Found a staircase to the Lair.
 10091 | D:9      | Reached skill level 8 in Fighting
 10398 | D:9      | Reached skill level 10 in Axes
 10576 | D:10     | Entered Level 10 of the Dungeon
 10797 | D:10     | Noticed a gargoyle
 10822 | D:10     | Killed a gargoyle
 11031 | D:10     | Gained mutation: You are powered by pain. [demonic
                  | ancestry]
 11031 | D:10     | Reached XP level 11. HP: 80/86 MP: 11/11
 11222 | D:10     | Noticed a death yak
 11229 | D:10     | Killed a death yak
 11715 | D:10     | Found a staircase to the Orcish Mines.
 12294 | D:10     | Found a bloodstained altar of Trog.
 12296 | D:10     | Noticed a wizard
 12300 | D:10     | Killed a wizard
 12533 | Lair:1   | Entered Level 1 of the Lair of Beasts
 12549 | Lair:1   | Reached skill level 9 in Fighting
 12782 | Lair:1   | Noticed a five-headed hydra
 12783 | Lair:1   | Killed a five-headed hydra
 12871 | Lair:1   | Noticed a four-headed hydra
 12872 | Lair:1   | Killed a four-headed hydra
 13324 | Lair:1   | Found a runed translucent door.
 13573 | Lair:1   | Gained mutation: You have sharp fingernails. [demonic
                  | ancestry]
 13573 | Lair:1   | Reached XP level 12. HP: 46/96 MP: 12/12
 14124 | Lair:1   | Noticed a boulder beetle
 14217 | Lair:2   | Noticed a six-headed hydra
 14574 | Lair:2   | Killed a 17-headed hydra
 15383 | Lair:2   | Reached skill level 10 in Fighting
 15740 | Lair:3   | Found a dark tunnel.
 15860 | Volcano  | Entered a volcano
 16073 | Volcano  | Noticed a red draconian
 16092 | Volcano  | Killed a red draconian
 16532 | Lair:3   | Identified a scroll of acquirement
 16532 | Lair:3   | Acquired a +2 tower shield of protection
 16901 | Lair:3   | Reached XP level 13. HP: 89/99 MP: 4/13
 16911 | Lair:3   | Reached skill level 10 in Shields
 17191 | Lair:3   | Found a hole to the Spider Nest.
 17818 | Lair:4   | Noticed Sonja
 17819 | Lair:4   | Noticed Sonja
 17819 | Lair:4   | Sonja changed into Sonja the tengu
 17830 | Lair:4   | Killed Sonja the tengu
 18054 | Lair:4   | Reached skill level 11 in Fighting
 18481 | Lair:4   | Found a staircase to the Shoals.
 18899 | Lair:5   | Noticed an entropy weaver
 18901 | Lair:5   | Noticed an entropy weaver
 18902 | Lair:5   | Killed an entropy weaver
 19568 | Lair:5   | Killed an entropy weaver
 20679 | Lair:5   | Found a staircase to the Slime Pits.
 21255 | Lair:6   | Entered Level 6 of the Lair of Beasts
 21340 | Lair:6   | Gained mutation: When seriously injured, your bleeding
                  | wounds create armour. (AC +0) [demonic ancestry]
 21340 | Lair:6   | Reached XP level 14. HP: 70/108 MP: 14/14
 22470 | Lair:6   | Reached skill level 1 in Evocations
 22479 | Lair:6   | Reached skill level 12 in Fighting
 23217 | Lair:6   | Found a large runed translucent door.
 23382 | Lair:6   | Found a large runed translucent door.
 24021 | Orc:1    | Entered Level 1 of the Orcish Mines
 24438 | Orc:2    | Entered Level 2 of the Orcish Mines
 24438 | Orc:2    | Found Dugogg's Assorted Antiques.
 24484 | Orc:2    | Bought an ancient iron amulet for 145 gold pieces
 24484 | Orc:2    | Identified the amulet of Esaenluq {Acrobat Dex+4} (You
                  | bought it in a shop on level 2 of the Orcish Mines)
 24488 | Orc:2    | Bought a scroll labelled UTYUTSOBEBLU for 29 gold pieces
 24701 | Orc:2    | Found a roughly hewn altar of Beogh.
 24826 | Orc:2    | Found a roughly hewn altar of Beogh.
 24855 | Orc:2    | Noticed an orc warlord
 24908 | Orc:1    | Killed an orc warlord
 25228 | Orc:2    | Found a staircase to the Elven Halls.
 25638 | Orc:2    | Noticed Erolcha
 25639 | Orc:2    | Noticed Nergalle
 25656 | Orc:2    | Killed Nergalle
 25660 | Orc:2    | Killed Erolcha
 25808 | Orc:2    | Found Ziesolu's Gadget Shop.
 25826 | Orc:2    | Found a radiant altar of Vehumet.
 25863 | Orc:2    | Found a roughly hewn altar of Beogh.
 25906 | Orc:2    | Found Sexkaw's Distillery.
 25959 | Orc:2    | Found Omim's Antique Weapon Shop.
 25980 | Orc:2    | Found an ancient bone altar of Kikubaaqudgha.
 26000 | Orc:2    | Found Uleanegh's Antique Armour Boutique.
 26322 | Orc:2    | Bought a runed war axe for 188 gold pieces
 27473 | D:12     | Noticed Rupert
 27494 | D:12     | Killed Rupert
 27567 | D:12     | Identified Sif Muna's Volume of Creative Venom
 27687 | D:12     | Identified the Disquisition on Unstable Ignition
 28027 | D:12     | Reached XP level 15. HP: 80/122 MP: 15/15
 28175 | D:12     | Found Uterph's Antique Weapon Boutique.
 28610 | D:13     | Found a frozen archway.
 28638 | IceCv    | Entered an ice cave
 29441 | IceCv    | Identified the Compendium of the Frostbite
 29515 | IceCv    | Found an ancient bone altar of Kikubaaqudgha.
 29773 | D:13     | Reached skill level 5 in Evocations
 30148 | D:13     | Reached skill level 13 in Fighting
 30339 | D:13     | Found a gate to the Vaults.
 30584 | D:13     | Noticed Snorg
 30612 | D:13     | Killed Snorg
 31135 | D:14     | Found a sacrificial altar of Ru.
 31158 | D:14     | Reached skill level 10 in Armour
 32189 | D:15     | Entered Level 15 of the Dungeon
 32913 | D:15     | Reached XP level 16. HP: 106/131 MP: 16/16
 33395 | D:15     | Found a staircase to the Depths.
 33833 | Spider:1 | Entered Level 1 of the Spider Nest
 33834 | Spider:1 | Noticed Louise
 33845 | Spider:1 | Killed Louise
 33954 | Spider:1 | Reached skill level 15 in Shields
 33969 | Spider:1 | Noticed Donald
 33999 | Spider:1 | Killed Donald
 34000 | Spider:1 | Reached skill level 15 in Axes
 35636 | Spider:2 | You fall into a shaft and drop 1 floor!
 35636 | Spider:3 | Noticed Arachne
 35676 | Spider:3 | Killed Arachne
 35677 | Spider:3 | Reached skill level 14 in Fighting
 35872 | Spider:3 | Noticed Jorgrun
 35904 | Spider:3 | Killed Jorgrun
 36408 | Spider:3 | Noticed Azrael
 36434 | Spider:3 | Killed Azrael
 36809 | Spider:3 | Found a runed translucent door.
 36811 | Spider:3 | Noticed Feguytzu's ghost (journeyman GrMo)
 37614 | Spider:4 | Entered Level 4 of the Spider Nest
 37947 | Spider:4 | Gained mutation: When seriously injured, your bleeding
                  | wounds create thick armour. (AC +0) [demonic ancestry]
 37947 | Spider:4 | Reached XP level 17. HP: 77/140 MP: 17/17
 40053 | Spider:4 | Reached skill level 15 in Fighting
 40140 | Spider:4 | Got a gossamer rune of Zot
 40671 | Shoals:1 | Entered Level 1 of the Shoals
 42918 | Shoals:2 | Noticed Polyphemus
 43217 | Shoals:2 | Killed Polyphemus
 43304 | Shoals:2 | Reached XP level 18. HP: 112/149 MP: 18/18
 44162 | Shoals:2 | Found a glowing golden altar of the Shining One.
 46180 | Shoals:4 | Entered Level 4 of the Shoals
 46218 | Shoals:4 | Found a transporter.
 46227 | Shoals:4 | Noticed Galthrax's ghost (adept HOFE)
 46404 | Shoals:4 | Found a one-way gate to the infinite horrors of the Abyss.
 46404 | Shoals:4 | Noticed a tentacled monstrosity
 46405 | Shoals:4 | Identified the cursed +1 trident "Winnugh" {distort, rN++}
 46545 | Shoals:4 | Found a transporter.
 46777 | Shoals:4 | Reached skill level 16 in Fighting
 46990 | Shoals:4 | Got a barnacled rune of Zot
 47226 | Shoals:4 | Identified the +5 triple crossbow of Contradiction {elec,
                  | rPois rC- Will+ Str+3}
 47559 | Shoals:4 | Found Soophiji's Magic Scroll Shop.
 47566 | Shoals:4 | Identified the +9 scimitar of Evisceration {flame, Str+6
                  | Int+4}
 47583 | Shoals:4 | Bought a scroll of acquirement for 832 gold pieces
 47583 | Shoals:4 | Acquired 894 gold pieces
 49472 | Vaults:1 | Entered Level 1 of the Vaults
 50411 | Vaults:1 | Found Ixkosm's Armour Shoppe.
 50416 | Vaults:1 | Bought a +0 pair of gloves of dexterity for 161 gold pieces
 50416 | Vaults:1 | Bought the +2 helmet "Earthly Heaven" {rN+} for 359 gold
                  | pieces
 50511 | Vaults:1 | Gained mutation: You are mostly covered in sharp spines.
                  | [demonic ancestry]
 50511 | Vaults:1 | Reached XP level 19. HP: 154/155 MP: 19/19
 50969 | Vaults:1 | Found a portal to a secret trove of treasure.
 51394 | Vaults:1 | You paid a toll of 5 scrolls of blinking to enter a
                  | treasure trove
 51395 | Trove    | Entered a treasure trove
 51399 | Trove    | Found the +8 orange crystal plate armour {Archmagi, Int+3
                  | Clar}
 51423 | Trove    | Got a pair of glimmering boots
 51428 | Trove    | Got a pair of jewelled boots
 51430 | Trove    | Got a pair of faintly humming boots
 51433 | Trove    | Got a pair of dazzling boots
 51437 | Trove    | Identified the +2 pair of boots of Salvation {rF- Regen+
                  | Dex+6} (You found it in a treasure trove)
 51438 | Trove    | Identified the +0 pair of boots "Ipliun" {rC+} (You found
                  | it in a treasure trove)
 51439 | Trove    | Identified the +0 pair of boots "Gaz Tifo" {+Fly Dex+2}
                  | (You found it in a treasure trove)
 51440 | Trove    | Identified the +0 pair of boots of Fortification {rCorr
                  | Dex+3} (You found it in a treasure trove)
 51441 | Trove    | Identified the +0 pair of boots of Apathy {+Inv rN+ Int-4}
                  | (You found it in a treasure trove)
 51454 | Trove    | Identified the cursed +0 pair of boots of the Present
                  | {+Blink rElec Will++ Stlth-} (You found it in a treasure
                  | trove)
 51475 | Trove    | Got a pair of faintly humming gloves
 51477 | Trove    | Identified the +4 pair of gloves of the Hills {rF+ rN+}
                  | (You found it in a treasure trove)
 51497 | Trove    | Identified the +0 helmet of Mental Paralysis {rCorr Str+3}
                  | (You found it in a treasure trove)
 51512 | Trove    | Identified the +3 kite shield "Eqougem" {+Fly rPois} (You
                  | found it in a treasure trove)
 51942 | Vaults:2 | Reached skill level 17 in Fighting
 52310 | Vaults:2 | Found Icsuscho's Antique Weapon Emporium.
 52381 | Vaults:2 | Bought a translucent war axe for 297 gold pieces
 52381 | Vaults:2 | Identified the +4 war axe "Rinunet" {pain, +Fly Dex+4
                  | Stlth+} (You bought it in a shop on level 2 of the Vaults)
 52517 | Vaults:2 | Found a large runed translucent door.
 52517 | Vaults:2 | Found a large runed translucent door.
 52518 | Vaults:2 | Noticed Eldin's ghost (veteran DEWz)
 53073 | Vaults:2 | Found a staircase to the Crypt.
 53937 | Vaults:3 | Found Gesetev's Distillery.
 54136 | Vaults:3 | Reached skill level 15 in Armour
 54208 | Vaults:3 | Gained mutation: When seriously injured, your bleeding
                  | wounds create very thick armour. (AC +0) [demonic ancestry]
 54208 | Vaults:3 | Reached XP level 20. HP: 66/170 MP: 20/20
 55167 | Vaults:3 | Found a radiant altar of Vehumet.
 55755 | Vaults:4 | Found Jurhuo's Assorted Antiques.
 55763 | Vaults:4 | Bought a polished plate armour for 924 gold pieces
 55763 | Vaults:4 | Identified the +3 plate armour of Leineac {*Corrode Regen+
                  | Int+9 Slay+2} (You bought it in a shop on level 4 of the
                  | Vaults)
 56336 | Vaults:4 | Reached skill level 18 in Fighting
 56503 | Vaults:4 | Found a shadowy altar of Dithmenos.
 57011 | Vaults:5 | Entered Level 5 of the Vaults
 57277 | Elf:1    | Entered Level 1 of the Elven Halls
 57437 | Elf:1    | Found a ruined gateway.
 57510 | Desolati | Entered the Desolation of Salt
 57607 | Desolati | Identified the Almanac of Congealing Arcane Weapons
 57610 | Desolati | Got a wavering amber ring
 57611 | Desolati | Identified the ring of the Endless Expanse {MP+9 SInv} (You
                  | found it in the Desolation of Salt)
 58038 | Desolati | Got a fine lead amulet
 58039 | Desolati | Identified the amulet "Vefafuom" {RegenMP rElec Dex+3} (You
                  | found it in the Desolation of Salt)
 58046 | Desolati | Identified the Collected Works on Shape Shifting
 58368 | Desolati | Got a pair of pitted boots
 58369 | Desolati | Identified the cursed -1 pair of boots of the Bruised Mice
                  | {Int+3} (You found it in the Desolation of Salt)
 58731 | Elf:1    | Cast into level 3 of the Abyss (+2 war axe of distortion)
 58735 | Abyss:3  | Found a corrupted altar of Lugonu.
 58847 | Abyss:3  | Noticed a profane servitor
 58947 | Elf:1    | Escaped the Abyss
 59187 | Elf:1    | You fall into a shaft and drop 1 floor!
 59187 | Elf:2    | Found a runed translucent gate.
 59188 | Elf:2    | Found a runed translucent gate.
 59195 | Elf:2    | Found a runed translucent gate.
 59908 | Elf:2    | Gained mutation: You have very sharp fingernails. [demonic
                  | ancestry]
 59908 | Elf:2    | Reached XP level 21. HP: 178/178 MP: 21/21
 60487 | Elf:3    | Entered Level 3 of the Elven Halls
 60522 | Elf:3    | Found Rago's Distillery.
 60526 | Elf:3    | Found Elulobui's Antique Armour Emporium.
 61730 | Elf:3    | Identified the +7 rapier of Autumn {venom, rN+}
 61731 | Elf:3    | Identified the cursed ring of Apnean {Str+4 Slay-4}
 62064 | Elf:3    | Identified the +11 quarterstaff of Premature Burial {venom,
                  | Will+}
 62064 | Elf:3    | Identified the cursed ring of Wufuuq {EV-4 Str+4}
 62422 | Elf:3    | Identified the +2 morningstar "Gudugac" {freeze, Int+7}
 63432 | Vaults:4 | Reached skill level 19 in Fighting
 63511 | Vaults:5 | Identified the +1 robe of the Peculiar Heavens {Rampage
                  | rF+++ Str-5 Stlth+}
 63516 | Vaults:5 | Gained mutation: You have claws for hands. [demonic
                  | ancestry]
 63516 | Vaults:5 | Reached XP level 22. HP: 166/183 MP: 15/22
 64894 | Vaults:5 | Identified the +4 glaive "Beigucve" {vorpal, rN+ Int+4}
 64984 | Vaults:5 | Identified the +6 rapier "Nixzof" {vorpal, +Blink rPois
                  | Int+8 Dex-5}
 65023 | Vaults:5 | Identified the Catalogue of Changing and the Traveller
 65223 | Vaults:5 | Noticed a golden dragon
 65240 | Vaults:5 | Killed a golden dragon
 65304 | Vaults:5 | Identified the ring of the Wizarding Genius {+Fly rElec
                  | Will++ Int-5 Dex+8}
 65316 | Vaults:5 | Noticed an ancient lich
 66071 | Vaults:5 | Noticed a golden dragon
 66081 | Vaults:5 | Killed a golden dragon
 66188 | Vaults:5 | Killed an ancient lich
 66491 | Vaults:5 | Noticed a golden dragon
 66503 | Vaults:5 | Killed a golden dragon
 66671 | Vaults:5 | Found Xehupin's Armour Shop.
 66680 | Vaults:5 | Got a silver rune of Zot
 67285 | Depths:1 | Entered Level 1 of the Depths
 67437 | Depths:1 | Noticed Nikola
 67663 | Depths:1 | Gained mutation: You are completely covered in sharp
                  | spines. [demonic ancestry]
 67663 | Depths:1 | Reached XP level 23. HP: 185/196 MP: 23/23
 67689 | D:15     | Killed Nikola
 68130 | Depths:1 | Identified the +3 falchion of Defiance {freeze, rPois
                  | Dex+3}
 68355 | Depths:1 | Found a gateway to Hell.
 69119 | Depths:1 | Found Obafesy's Gadget Shop.
 69196 | Depths:1 | Noticed Aizul
 69208 | Depths:1 | Killed Aizul
 69768 | Depths:2 | Reached skill level 20 in Fighting
 70182 | Depths:2 | Found Gung's General Store.
 71448 | Depths:3 | Found a gateway to a ziggurat.
 71590 | Depths:3 | Noticed a caustic shrike
 71609 | Depths:3 | Killed a caustic shrike
 72046 | Depths:3 | Found Celiwaxto's General Store.
 72667 | Depths:3 | Gained mutation: You resist negative energy. (rN+) [demonic
                  | ancestry]
 72667 | Depths:3 | Reached XP level 24. HP: 203/206 MP: 23/23
 72808 | Depths:3 | Found a one-way gate leading to the halls of Pandemonium.
 73327 | Vaults:4 | Bought a scroll of enchant weapon for 247 gold pieces
 73695 | Shoals:4 | Bought a scroll of enchant armour for 120 gold pieces
 73695 | Shoals:4 | Bought a scroll of enchant weapon for 120 gold pieces
 73695 | Shoals:4 | Bought a scroll of enchant weapon for 120 gold pieces
 74927 | Depths:4 | Noticed a juggernaut
 74947 | Depths:4 | Killed a juggernaut
 75161 | Depths:4 | Got a twisted broad axe
 75162 | Depths:4 | Identified the +8 broad axe of Astatail {speed, MP+9 Int+3}
                  | (You found it on level 4 of the Depths)
 75226 | Depths:4 | Identified the Catalogue of Combat Magic
 75287 | Depths:4 | Reached skill level 21 in Fighting
 75874 | Depths:5 | Entered Level 5 of the Depths
 76082 | Depths:5 | Found a gate to the Realm of Zot.
 76126 | Depths:5 | Found a magical portal.
 76131 | WizLab   | Entered Iskenderun's Mystic Tower
 77109 | WizLab   | Identified Iskenderun's Disquisition on Damage Dealing
 77109 | WizLab   | Identified Iskenderun's Compendium of Conjuration
 77125 | WizLab   | Identified Vof Ruh's Volume of Bewitching Transmigration
 77131 | WizLab   | Identified the +4 quarterstaff "Peafeo" {pain, rElec Dex+2}
 77689 | Depths:5 | Found Sasaetec's Gadget Shoppe.
 77689 | Depths:5 | Found Locvycul's Jewellery Shop.
 77690 | Depths:5 | Found Laawnov's Gadget Shoppe.
 77887 | Zot:1    | Entered Level 1 of the Realm of Zot
 77916 | Zot:1    | Found a runed translucent gate.
 77917 | Zot:1    | Found a runed translucent gate.
 77917 | Zot:1    | Found a runed translucent gate.
 78123 | Zot:1    | Found an opulent altar of Gozag.
 78124 | Zot:1    | Noticed Mikey69's ghost (legendary DsBe)
 78124 | Zot:1    | Noticed an orb of fire
 78129 | Zot:1    | Found Ycra Zai's Assorted Antiques.
 78266 | Zot:1    | Gained mutation: You are somewhat able to resist unholy
                  | torments (1 in 2 success). [demonic ancestry]
 78266 | Zot:1    | Reached XP level 25. HP: 194/216 MP: 23/23
 79433 | Zot:2    | Noticed a Killer Klown
 79479 | Zot:2    | Killed a Killer Klown
 79683 | Zot:2    | Reached skill level 22 in Fighting
 84248 | Zot:4    | Noticed a Killer Klown
 84267 | Zot:4    | Killed a Killer Klown
 85041 | Zot:5    | Entered Level 5 of the Realm of Zot
 85741 | Zot:5    | Noticed an ancient lich
 85779 | Zot:5    | Killed an ancient lich
 85780 | Zot:5    | Reached skill level 23 in Fighting
 85985 | Zot:5    | Noticed an orb of fire
 85993 | Zot:5    | Noticed a Killer Klown
 85997 | Zot:5    | Gained mutation: You are clumsy. (Dex -2) [an orb of fire]
 86002 | Zot:5    | Gained mutation: Your spells are a little harder to cast,
                  | but a little more powerful. [an orb of fire]
 86010 | Zot:5    | Gained mutation: You are dopey. (Int -2) [an orb of fire]
 86015 | Zot:5    | Killed an orb of fire
 86037 | Zot:5    | Killed a Killer Klown
 86056 | Zot:5    | Noticed an orb of fire
 86466 | Zot:5    | Noticed an ancient lich
 86489 | Zot:5    | Killed an ancient lich
 87216 | Zot:5    | Killed an orb of fire
 87709 | Zot:5    | Noticed an ancient lich
 87714 | Zot:5    | Noticed an ancient lich
 87717 | Zot:5    | Noticed an orb of fire
 87719 | Zot:5    | Noticed a Killer Klown
 87727 | Zot:5    | Noticed an orb of fire
 87739 | Zot:5    | Gained mutation: You tend to lose your temper in combat.
                  | [an orb of fire]
 87766 | Zot:5    | Gained mutation: Your magical capacity is low. (-10% MP)
                  | [an orb of fire]
 87769 | Zot:5    | Gained mutation: Armour fits poorly on your strangely
                  | shaped body. [an orb of fire]
 87777 | Zot:5    | Gained mutation: Your body sometimes deteriorates upon
                  | taking damage. [an orb of fire]
 87780 | Zot:5    | Gained mutation: You often lose your temper in combat. [an
                  | orb of fire]
 87782 | Zot:5    | Killed an orb of fire
 87789 | Zot:5    | Lost mutation: You are clumsy. (Dex -2) [potion of
                  | mutation]
 87789 | Zot:5    | Lost mutation: Your spells are a little harder to cast, but
                  | a little more powerful. [potion of mutation]
 87789 | Zot:5    | Gained mutation: Your body often deteriorates upon taking
                  | damage. [potion of mutation]
 87789 | Zot:5    | Gained mutation: You are strong-willed. (Will+) [potion of
                  | mutation]
 87789 | Zot:5    | Gained mutation: You are very dopey. (Int -4) [potion of
                  | mutation]
 87789 | Zot:5    | Gained mutation: Your system is resistant to poisons.
                  | (rPois) [potion of mutation]
 87790 | Zot:5    | Lost mutation: You are strong-willed. (Will+) [potion of
                  | mutation]
 87790 | Zot:5    | Lost mutation: Your magical capacity is low. (-10% MP)
                  | [potion of mutation]
 87790 | Zot:5    | Lost mutation: Armour fits poorly on your strangely shaped
                  | body. [potion of mutation]
 87790 | Zot:5    | Gained mutation: You have an uncontrollable temper. [potion
                  | of mutation]
 87790 | Zot:5    | Gained mutation: You are frail. (-10% HP) [potion of
                  | mutation]
 87790 | Zot:5    | Gained mutation: You have an increased reservoir of magic.
                  | (+10% MP) [potion of mutation]
 87790 | Zot:5    | Gained mutation: You have sharp toenails. [potion of
                  | mutation]
 87791 | Zot:5    | Lost mutation: You have sharp toenails. [potion of
                  | mutation]
 87791 | Zot:5    | Lost mutation: You have an uncontrollable temper. [potion
                  | of mutation]
 87791 | Zot:5    | Lost mutation: You are very dopey. (Int -4) [potion of
                  | mutation]
 87791 | Zot:5    | Lost mutation: You often lose your temper in combat.
                  | [potion of mutation]
 87791 | Zot:5    | Lost mutation: You are frail. (-10% HP) [potion of
                  | mutation]
 87791 | Zot:5    | Gained mutation: You are frail. (-10% HP) [potion of
                  | mutation]
 87791 | Zot:5    | Gained mutation: Your flesh is cold resistant. (rC+)
                  | [potion of mutation]
 87792 | Zot:5    | Lost mutation: Your body often deteriorates upon taking
                  | damage. [potion of mutation]
 87792 | Zot:5    | Lost mutation: You tend to lose your temper in combat.
                  | [potion of mutation]
 87792 | Zot:5    | Gained mutation: You occasionally shout uncontrollably at
                  | your foes. [potion of mutation]
 87792 | Zot:5    | Gained mutation: You are covered in fur. (AC +1) [potion of
                  | mutation]
 87793 | Zot:5    | Lost mutation: You are dopey. (Int -2) [potion of mutation]
 87793 | Zot:5    | Lost mutation: Your body sometimes deteriorates upon taking
                  | damage. [potion of mutation]
 87793 | Zot:5    | Lost mutation: You are frail. (-10% HP) [potion of
                  | mutation]
 87793 | Zot:5    | Lost mutation: You are covered in fur. (AC +1) [potion of
                  | mutation]
 87793 | Zot:5    | Gained mutation: You tend to lose your temper in combat.
                  | [potion of mutation]
 87793 | Zot:5    | Gained mutation: Your flesh is very cold resistant. (rC++)
                  | [potion of mutation]
 88167 | Zot:5    | Killed a Killer Klown
 88197 | Zot:5    | Gained mutation: Your spells are a little easier to cast,
                  | but a little less powerful. [an orb of fire]
 88218 | Zot:5    | Noticed an orb of fire
 88219 | Zot:5    | Gained mutation: You are occasionally teleported next to
                  | monsters. [an orb of fire]
 88226 | Zot:5    | Killed an orb of fire
 88226 | Zot:5    | Gained mutation: Armour fits poorly on your strangely
                  | shaped body. [an orb of fire]
 88234 | Zot:5    | Noticed a Killer Klown
 88243 | Zot:5    | Killed an orb of fire
 88251 | Zot:5    | Killed a Killer Klown
 88253 | Zot:5    | Lost mutation: Armour fits poorly on your strangely shaped
                  | body. [potion of mutation]
 88253 | Zot:5    | Lost mutation: Your spells are a little easier to cast, but
                  | a little less powerful. [potion of mutation]
 88253 | Zot:5    | Gained mutation: Your flesh is heat resistant. (rF+)
                  | [potion of mutation]
 88253 | Zot:5    | Gained mutation: Your muscles are strong. (Str +2) [potion
                  | of mutation]
 88254 | Zot:5    | Lost mutation: You tend to lose your temper in combat.
                  | [potion of mutation]
 88254 | Zot:5    | Lost mutation: You have an increased reservoir of magic.
                  | (+10% MP) [potion of mutation]
 88254 | Zot:5    | Lost mutation: Your muscles are strong. (Str +2) [potion of
                  | mutation]
 88254 | Zot:5    | Gained mutation: You are frail. (-10% HP) [potion of
                  | mutation]
 88254 | Zot:5    | Gained mutation: You expend magic power (3 MP) to
                  | strengthen your wands. [potion of mutation]
 88313 | Zot:5    | Killed an ancient lich
 88359 | Zot:5    | Noticed an ancient lich
 88378 | Zot:5    | Reached skill level 24 in Fighting
 88382 | Zot:5    | Killed an ancient lich
 89294 | Vaults:3 | Bought a potion of mutation for 152 gold pieces
 89296 | Vaults:3 | Lost mutation: You are frail. (-10% HP) [potion of
                  | mutation]
 89296 | Vaults:3 | Lost mutation: Your system is resistant to poisons. (rPois)
                  | [potion of mutation]
 89296 | Vaults:3 | Lost mutation: You expend magic power (3 MP) to strengthen
                  | your wands. [potion of mutation]
 89296 | Vaults:3 | Gained mutation: You are sometimes teleported next to
                  | monsters. [potion of mutation]
 89296 | Vaults:3 | Gained mutation: Your flesh is very heat resistant. (rF++)
                  | [potion of mutation]
 89296 | Vaults:3 | Gained mutation: You are resistant to electric shocks.
                  | (rElec) [potion of mutation]
 89527 | Orc:2    | Bought a potion of mutation for 120 gold pieces
 89527 | Orc:2    | Lost mutation: Your flesh is very heat resistant. (rF++)
                  | [potion of mutation]
 89527 | Orc:2    | Lost mutation: Your flesh is heat resistant. (rF+) [potion
                  | of mutation]
 89527 | Orc:2    | Lost mutation: You occasionally shout uncontrollably at
                  | your foes. [potion of mutation]
 89527 | Orc:2    | Lost mutation: Your flesh is very cold resistant. (rC++)
                  | [potion of mutation]
 89527 | Orc:2    | Gained mutation: You can translocate small distances at
                  | will. [potion of mutation]
 89527 | Orc:2    | Gained mutation: You expend magic power (3 MP) to
                  | strengthen your wands. [potion of mutation]
 90120 | Zot:5    | Killed an ancient lich
 90155 | Zot:5    | Got the Orb of Zot
 90259 | Zot:2    | Noticed Ekaimiodas the pandemonium lord
 90371 | Depths:5 | Noticed Joegarr the pandemonium lord
 90740 | D:$      | Escaped with the Orb!

Illustrated notes

Levels and vault maps discovered:
D:1:      sevenhm_arrival_forest_fort_small_5, layout_basic,
          chequers_serial_rivers_marsh, eino_curves_04
D:2:      layout_loops_ring, chequers_ecumenical_altar_island,
          chequers_serial_rivers_micro_a, uniq_crazy_yiuf_cottage
D:3:      wad_river_or_something, layout_basic, uniq_terence
D:4:      layout_basic, cheibrodos_sewer_entry_sluice
D:5:      layout_loops_ring, minmay_temple_entry_poolview,
          gammafunk_ghost_stat_death, serial_shops, nicolae_shop_stone,
          uniq_prince_ribbit1, uniq_ijyb
D:6:      layout_loops_ring, kennysheep_cross_room, minivault_23,
          grunt_ashenzari_visionary [grunt_ashenzari_visionary_shoals,
          grunt_ashenzari_visionary_spider]
D:7:      layout_gridville, serial_shops, shop_statue
D:8:      layout_loops_ring, vehumet_altar_wand_db, uniq_erica, uniq_maurice
D:9:      old_forge, layout_irregular_city, erik_lair_orcish_takeover
D:10:     argonaut_augean_stables, layout_basic, hiddenorc2_lemuel, trog_wizard
D:11:     layout_stronghold
D:12:     layout_loops_ring, special_room [special_room_orc], serial_shops,
          shop, minivault_10, uniq_rupert
D:13:     layout_roguey, hangedman_vaults_entry_quadrant_bands,
          gauntlet_entry_generic, portal_ice_cave_entry_pillars_1, drop_trap,
          uniq_snorg
D:14:     layout_basic, hangedman_ru_absence, kennysheep_generic_room_2
D:15:     hangedman_depths_entry_civil_slaughter, layout_irregular_city,
          minmay_misc_feat_enclosed
Lair:1:   gammafunk_indiana_jones, layout_small_grid,
          cheibrodos_lair_caveside_slide
Lair:2:   layout_chaotic_city, chequers_serial_rivers_micro_a,
          lemuel_old_faithful
Lair:3:   layout_regular_city, spider_nest_entry_rubble, enter_volcano_3,
          amcnicky_mini_pool_medium, lemuel_fruit_tree,
          minmay_lair_oklob_chamber
Lair:4:   layout_misc_corridors, elwin_shoals_entry_rooms, uniq_sonja
Lair:5:   statuecave_lemuel, layout_cave_pods,
          minmay_slime_entry_oklob_enclosed, minivault_29
Lair:6:   cheibrodos_lair_end_hotspot, layout_layer_cave
Shoals:1: layout_shoals, st_cyclops
Shoals:2: layout_shoals, lemuel_centaur_altar, uniq_polyphemus
Shoals:3: layout_shoals
Shoals:4: shoals_end_simple, layout_shoals, gammafunk_ghost_abyssal_escape,
          serial_shops, shop
Spider:1: layout_spider_delve, hangedman_spider_tarantella_strand, uniq_louise,
          uniq_donald
Spider:2: layout_spider_delve
Spider:3: layout_spider_delve, ebering_ghost_reflecting_pool,
          guppyfry_spider_mini_1, uniq_azrael, uniq_arachne, uniq_jorgrun
Spider:4: floodkiller_spider_rune_tomb
Orc:1:    layout_diamond_mine
Orc:2:    kennysheep_orc_mage_school, layout_diamond_mine, serial_shops,
          nicolae_shop_stone, hangedman_feature_mirror
Elf:1:    elf_arrival_002, layout_rooms, portal_desolation_entry_salt,
          evilmike_minifort, grunt_ministairs_8, amcnicky_mini_corridor_feature,
          serial_sigils_hangedman_quiver
Elf:2:    layout_gridlike
Elf:3:    minmay_elf_hall_not_hex, layout_onion_city, serial_shops, shop, shop,
          nicolae_elf_stone_circles
Vaults:1: v_alt_pattern_6, nicolae_vaults_disjoint_gnomons,
          nicolae_vaults_network_barrier, ontoclasm_vaults_ring_small, v_misc_1,
          dpeg_vaults_pockets_of_resistance, nicolae_vaults_three_branches,
          nicolae_vaults_what_the_h, nicolae_vaults_angled_halls,
          layout_vaults_omnibox, serial_shops, shop_statue,
          nicolae_trove_entry_isolated
Vaults:2: ebering_vaults_ghost_disaster_area, minmay_crypt_entry_simple_round,
          ontoclasm_vaults_gallery, dpeg_vaults_monster_box,
          grunt_vaults_hallway_short, vaults_dpeg_hooks,
          nicolae_vaults_triangles, hangedman_vaults_maws,
          ontoclasm_vaults_shuriken, nicolae_vaults_theta,
          nicolae_vaults_little_ls, ontoclasm_vaults_ring_small,
          nicolae_vaults_little_squares_5, layout_vaults_big_room, serial_shops,
          nicolae_shop_trees
Vaults:3: st_diamondy, ontoclasm_vaults_ring_small, hangedman_vaults_nodes,
          hangedman_vaults_snaps, v_misc_29, v_misc_2,
          nicolae_vaults_diagonal_hallway_8, vaults_room_corners,
          nicolae_vaults_yaktaur_gun_rack, v_alt_pattern_4,
          layout_vaults_omnicross, basic_altar, serial_shops, shop
Vaults:4: v_pattern_4, v_misc_14, vaults_room_large_hall, v_rooms_1,
          vaults_dpeg_encased_lava, layout_vaults_omnigrid, basic_altar,
          serial_shops, shop
Vaults:5
Depths:1: layout_honeycomb, serial_glass, glass_columns_a, glass_columns_a,
          serial_shops, nicolae_shop_stone, grunt_hell_entry_demonic_statue,
          minmay_the_grid_square_5x5_3x3_mashed
          [minmay_the_grid_square_5x5_beaten_path,
          minmay_the_grid_square_5x5_bite, minmay_the_grid_square_5x5_inset,
          minmay_the_grid_square_5x5_v,
          minmay_the_grid_square_5x5_megaprize_hollow,
          minmay_the_grid_square_5x5_three, minmay_the_grid_square_5x5_shrine2,
          minmay_the_grid_square_5x5_plus, minmay_the_grid_square_5x5_spiral],
          uniq_aizul, uniq_nikola
Depths:2: kennysheep_water_balloons, layout_gridlike, hangedman_geh_valley,
          kennysheep_generic_room_16, infiniplex_staircase_pool_2,
          minmay_shop_star
Depths:3: hangedman_cross_cluster, layout_cave_pools, enter_ziggurat_c,
          serial_shops, nicolae_shop_waterfront, grunt_decor_junction,
          abyss_entry_small_statue_room, grunt_pan_entry_sceptre,
          hangedman_coc_ice_floe
Depths:4: giant_chief_lemuel, layout_cave_pools, hell_entry, abyss_entry,
          hangedman_decor_lopped, infiniplex_staircase_spiral_double
Depths:5: evilmike_zot_entry_diamond, layout_twisted_cross, hell_entry,
          rand_demon_pan_entry_7, minmay_misc_feat_roman, mu_enter_wizlab_1,
          minmay_shop_grove, uniq_jory
Zot:1:    lemuel_firehouse, layout_onion_interference, ebering_ghost_gozag,
          drop_trap
Zot:2:    layout_misc_corridors
Zot:3:    lemuel_draconian_sentries_small, layout_twisted_circle
Zot:4:    layout_cathedral_of_symmetry, drop_trap, grunt_megastairs_3
Zot:5:    layout_gridlike

Skill      XL: |  1  2  3  4  5  6  7  8  9 10 11 12 13 14 15 16 17 18 19 20 21 22 23 24 25 |
---------------+----------------------------------------------------------------------------+-----
Axes           | 2 3 4 5 7 9 10 11 12 13 14 15 16 17 18 19 20 | 20.0
Shields        | 3 4 5 6 7 8 9 12 13 14 15 16 17 18 19 20 21 23 | 23.7
Fighting       | 4 5 6 7 8 9 10 11 12 13 14 15 16 17 18 19 20 21 24 | 24.1
Armour         | 3 4 5 6 7 8 9 10 11 12 14 15 16 17 18 19 21 | 21.8
Evocations     | 4 5 |  5.0

Action                   |  1- 3 |  4- 6 |  7- 9 | 10-12 | 13-15 | 16-18 | 19-21 | 22-24 | 25-27 || total
-------------------------+-------+-------+-------+-------+-------+-------+-------+-------+-------++-------
Melee: War axe           |    96 |   139 |   443 |   664 |  1978 |  2198 |   224 |       |       ||  5742
       Broad axe         |       |       |       |       |       |       |  1391 |  1841 |  1405 ||  4637
Invok: Sacrifice Experie |     1 |       |       |       |       |       |       |       |       ||     1
       Sacrifice Nimblen |       |     1 |       |       |       |       |       |       |       ||     1
       Apocalypse        |       |       |     3 |     9 |    15 |     5 |     7 |     3 |     1 ||    43
       Power Leap        |       |       |     1 |     1 |     1 |     2 |       |       |     1 ||     6
       Sacrifice Arcana  |       |       |     1 |       |       |       |       |       |       ||     1
       Sacrifice Stealth |       |       |     1 |       |       |       |       |       |       ||     1
       Draw Out Power    |       |       |       |     2 |     1 |     1 |     1 |     1 |     2 ||     8
Evoke: Wand              |       |       |       |       |     4 |       |       |       |     3 ||     7
       Condenser vane    |       |       |       |       |       |     1 |       |       |       ||     1
  Use: Scroll            |       |       |    15 |     7 |    12 |     2 |    27 |    13 |     8 ||    84
       Potion            |       |       |       |     2 |     1 |       |       |       |    12 ||    15
 Stab: Invisible         |     2 |       |     2 |     3 |    15 |    24 |     8 |    17 |    25 ||    96
       Distracted        |       |       |     2 |     4 |    11 |    11 |    15 |    18 |     5 ||    66
       Paralysed         |       |       |     1 |    22 |    17 |    21 |    19 |    13 |     6 ||    99
       Held in net/web   |       |       |       |     1 |       |     1 |       |       |       ||     2
       Petrified         |       |       |       |       |       |     3 |       |       |       ||     3
Armor: Scale mail        |    37 |    19 |       |       |       |       |       |       |       ||    56
       Chain mail        |       |    29 |    68 |       |       |       |       |       |       ||    97
       Plate armour      |       |       |    98 |   200 |   457 |   877 |    17 |       |       ||  1649
       Crystal plate arm |       |       |       |       |       |       |   514 |    76 |       ||   590
       Gold dragon scale |       |       |       |       |       |       |       |   323 |   266 ||   589
Dodge: Dodged            |    23 |    23 |    73 |   146 |   271 |   476 |   210 |   130 |    87 ||  1439
Block: Kite shield       |    40 |    42 |   211 |   291 |       |       |       |       |       ||   584
       Tower shield      |       |       |       |    34 |  1408 |  2407 |  1448 |  1432 |   750 ||  7479
